 Dungeon Crawl Stone Soup version 0.17-a0-1842-gacc33f2 (webtiles) character file.

18 mcbry74 the Skirmisher (level 2, -7/33 HPs)
             Began as an Ogre Chaos Knight on Sept 17, 2015.
             Killed from afar by Jessica (11 damage)
             ... with a wand of magic darts
             ... on level 2 of the Dungeon.
             The game lasted 00:05:48 (1013 turns).

mcbry74 the Skirmisher (Ogre Chaos Knight)          Turns: 1013, Time: 00:05:49

Health: -7/33      AC:  5    Str: 16    XL:     2   Next: 70%
Magic:  2/2        EV: 10    Int: 11    God:    Xom [..*...]
Gold:   74         SH:  0    Dex:  9    Spells: 0 memorised, 1 level left

rFire  + . .     SeeInvis .     a - +1 mace (chaos)
rCold  . . .     Clarity  .     b - +2 robe
rNeg   . . .     SustAt   .     (no shield)
rPois  .         Gourm    .     (helmet restricted)
rElec  .         Spirit   .     (no cloak)
rCorr  .         Warding  .     (gloves unavailable)
rMut   .         Stasis   .     (boots unavailable)
MR     .....                    (no amulet)
Stlth  +.........               (no ring)
                                f - ring of protection from fire

@: slowed, very slow, not resistant to hostile enchantments, very unstealthy
A: unfitting armour, tough skin 1
a: Renounce Religion


You were on level 2 of the Dungeon.
You worshipped Xom.
You were a toy of Xom.
You were not hungry.

You visited 1 branch of the dungeon, and saw 2 of its levels.

You collected 74 gold pieces.

Inventory:

Hand weapons
 a - a +1 mace of chaos (weapon)
 g - a +0 dagger (quivered)
Armour
 b - a +2 robe (worn)
Jewellery
 f - a ring of protection from fire (left hand)
Scrolls
 l - 2 scrolls of enchant armour {unknown}
Potions
 d - a potion of might
 e - a potion of haste {unknown}
 h - a potion of agility {unknown}
 i - a potion of beneficial mutation {unknown}
 j - 2 potions of heal wounds {unknown}
Comestibles
 c - a bread ration
 k - a royal jelly
 m - 4 fruits


   Skills:
 + Level 4.5 Fighting
 + Level 4.4 Maces & Flails
 + Level 2.4 Dodging


You had one spell level left.
You didn't know any spells.

Dungeon Overview and Level Annotations

Branches:
Dungeon (2/15)

Altars:

Annotations:
D:2 Jessica


Innate Abilities, Weirdness & Mutations

You are too large for most types of armour.
You have tough skin (AC +1).


Message History

Jessica zaps a wand.
The magic dart hits you!
* * * LOW HITPOINT WARNING * * *
Jessica casts a spell at you.
You feel yourself slow down.
Jessica zaps a wand.
The magic dart hits you!
* * * LOW HITPOINT WARNING * * *
Xom's power almost touches on you for a moment.
Your eyebrows wriggle.
Jessica very coldly says, "I hate your company."
Jessica gestures at you while chanting.
You barely resist. Jessica casts a spell at you.
You feel as though you will be slow longer.
Jessica casts a spell.
Jessica blinks!
Jessica gestures wildly while chanting.
Jessica blinks!
Jessica zaps a wand.
The magic dart hits you!
You die...
Xom is highly amused!

## ######### ### ..
#.......#####..
.####..............
..##.......#####.. #.
#†##........)..... .## #
#.##........###... ..
.####...<....)....#...
####.##
.##.....#....####?##..
#.....# ..##.#@.......#
#.#...
#.....##..##.#.......##
#.#.#. #.........##
#..##.### #.....
#......# #.....####
###... #..(...#####
#...#.....# ####
#....$@..@.# #.........#
#.....####.###.........#
#####.####.#...@.......#
#.#..§.....#.........


You could see Jessica.

Vanquished Creatures
  An ooze (D:1)
  2 hobgoblins (D:1)
  4 bats (D:1)
  2 giant newts
  2 goblins
  3 kobolds (D:1)
  2 rats
16 creatures vanquished.

Notes
Turn   | Place    | Note
--------------------------------------------------------------
     0 | D:1      | mcbry74 the Ogre Chaos Knight began the quest for the Orb.
     0 | D:1      | Reached XP level 1. HP: 24/24 MP: 1/1
   204 | D:1      | XOM is BORED!
   204 | D:1      | XOM: silly message
   329 | D:1      | XOM: harmless Ice miscast
   412 | D:1      | Reached XP level 2. HP: 24/32 MP: 2/2
   540 | D:1      | XOM: silly message
   867 | D:1      | XOM: divination: detect creatures
   960 | D:2      | XOM: harmless Hex miscast
   991 | D:2      | Noticed Jessica
  1000 | D:2      | XOM: silly message
  1013 | D:2      | Killed from afar by Jessica

Vault maps used:
D:1:      lightli_arrival_statuegarden, roderic_roman_lattice
D:2:      uniq_jessica, uniq_robin

Action                   || total
-------------------------++-------
Melee: Mace              ||    47
  Use: Scroll            ||     3
       Potion            ||     1
